 Dungeon Crawl Stone Soup version 0.19.1 (console) character file.

13696 Kloppie the Carver (level 11, -6/102 HPs)
             Began as a Black Draconian Berserker on Dec 7, 2016.
             Was a High Priest of Trog.
             Mangled by a vampire (10 damage)
             ... on level 11 of the Dungeon.
             The game lasted 00:18:28 (10211 turns).

Kloppie the Carver (Black Draconian Berserker)     Turns: 10211, Time: 00:18:29

Health: -6/102     AC: 12    Str: 20      XL:     11   Next: 79%
Magic:  0/11       EV: 16    Int: 10      God:    Trog [*****.]
Gold:   653        SH:  0    Dex: 12 (13) Spells: 0 memorised, 10 levels left

rFire  . . .     SeeInvis .     a - +0 scimitar (flame)
rCold  . . .     Gourm    .     (armour unavailable)
rNeg   . . .     Faith    .     (no shield)
rPois  .         Spirit   +     j - +2 hat
rElec  +         Reflect  .     (no cloak)
rCorr  .         Harm     .     (no gloves)
MR     +++..     Clarity  +     (no boots)
Stlth  +.........               r - amulet of guardian spirit
                                n - +3 ring of protection
                                (no ring)

@: barbed spikes, regenerating
A: breathe lightning, unfitting armour, fangs 1, horns 1, stinger 1, clarity,
clever 1, magic resistance 1, electricity resistance, evolution 1, cold-blooded,
AC +7
a: Breathe Lightning, Berserk, Trog's Hand, Brothers in Arms, Burn Spellbooks,
Renounce Religion


You were on level 11 of the Dungeon.
You worshipped Trog.
Trog was extremely pleased with you.
You were not hungry.

You visited 1 branch of the dungeon, and saw 11 of its levels.
You also visited: Ossuary.

You collected 653 gold pieces.

Inventory:

Hand Weapons
 a - a +0 scimitar of flaming (weapon)
 C - a +1 scimitar
Armour
 j - a +2 hat (worn)
Jewellery
 n - a +3 ring of protection (right hand)
 r - an amulet of guardian spirit (around neck)
 w - an uncursed ring of flight
 y - an uncursed amulet of the gourmand {unknown}
 E - an uncursed amulet of harm {unknown}
Wands
 d - a wand of lightning (7/15)
 e - a wand of digging (2/24)
 s - a wand of slowing (19/48)
 t - a wand of iceblast (7/15)
Scrolls
 c - 4 scrolls of remove curse
 g - 3 scrolls of fear
 l - 4 scrolls of recharging
 o - 3 scrolls of teleportation
 q - a scroll of noise
Potions
 f - 3 potions of ambrosia {unknown}
 k - 2 potions of degeneration {unknown}
 m - 3 potions of curing
 p - a potion of brilliance {unknown}
 u - a potion of flight
 x - 2 potions of berserk rage {unknown}
 z - a potion of heal wounds
 B - 2 potions of lignification {unknown}
Comestibles
 b - 8 chunks of flesh
 h - 4 bread rations
 i - 6 meat rations
 v - 3 beef jerkies
 A - 10 royal jellies
 D - a fruit


   Skills:
 - Level 11.1 Fighting
 - Level 14.0 Long Blades
 + Level 8.2 Dodging


You had 10 spell levels left.
You didn't know any spells.

Dungeon Overview and Level Annotations

Branches:
Dungeon (11/15)            Temple (0/1) D:4            Lair (0/6) D:11
    Orc: D:9-12

Altars:
Fedhas
Nemelex Xobeh
Qazlal
Xom

Shops:
D:10 [


Innate Abilities, Weirdness & Mutations

You can breathe wild blasts of lightning.
Your glossy black scales are hard. (AC +7)
You cannot fit into any form of body armour.
You are resistant to electric shocks. (rElec)
You are cold-blooded and may be slowed by cold attacks.
You have very sharp teeth.
You have a pair of small horns on your head.
Your tail ends in a poisonous barb.
You possess an exceptional clarity of mind.
Your mind is acute. (Int +2)
You are resistant to hostile enchantments. (MR+)
You evolve.


Message History

Something draws strength from your injuries!
Your skin crawls.
You feel resistant to hostile enchantments.
You feel somewhat more hungry.
The manticore bites you but does no damage.
The manticore claws you but does no damage.
The manticore closely misses you. Something hits you!
* * * LOW HITPOINT WARNING * * *
Something bites you but does no damage.
You barely miss the manticore.
The manticore is almost dead.
You hit the manticore but do no damage.
The manticore is almost dead.
The manticore closely misses you. The manticore barely misses you.
The manticore claws you.
* * * LOW HITPOINT WARNING * * *
Something hits you!!
* * * LOW HITPOINT WARNING * * *
Something bites you!
You die...

..#........
..#............ ....
..#............ ...
..#........ ... ..
..#..###### #.# .#
.##..########.###'######
.#...#...#..............
.#...#...+......H.......
.#...'...#......@{......
.#..###..##..###..###.##
#..###..##..###..#
#...#...............
#...+...............#
#...#...............#
#####################


You could see a manticore.

Vanquished Creatures
  The ghost of Perturabo the Carver, a novice HOFi of Beogh (D:8)
  Sonja (D:10)
  The ghost of Perturabo the Blocker, a novice HOFi (D:6)
  A wizard (D:10)
  A hill giant (D:11)
  Pikel (D:8)
  An ugly thing (D:11)
  A centaur zombie (D:8)
  An elephant (D:11)
  Psyche (D:8)
  The ghost of Perturabo the Shield-Bearer, an amateur HOFi of Beogh (D:5)
  Grinder (D:6)
  A two-headed ogre (D:10)
  3 hippogriffs
  A shadow (D:11)
  5 yaks (D:9)
  A wraith (D:10)
  Eustachio (D:5)
  2 steam dragons
  A slave (D:8)
  2 ice beasts
  3 sky beasts
  2 orc warriors
  A hornet zombie (D:5)
  8 ogres
  6 centaurs
  The ghost of sheala the Vexing, an amateur DEEn (D:4)
  8 big kobolds
  Blork the orc (D:6)
  A bullfrog (D:6)
  4 water moccasin zombies (Ossuary)
  A wyvern skeleton (D:7)
  5 scorpions
  12 killer bees
  5 wights (D:11)
  3 howler monkeys
  3 crimson imps
  2 bullfrog zombies
  7 jellies
  A quasit (D:11)
  5 orc priests
  A bullfrog skeleton (D:4)
  3 centaur skeletons
  3 hounds
  9 orc wizards
  6 iguanas
  6 worker ants
  2 big kobold zombies (Ossuary)
  A hound zombie (D:9)
  2 mummies (Ossuary)
  Robin (D:2)
  A howler monkey zombie (D:4)
  4 gnolls (D:9)
  7 adders
  2 shadow imps (D:6)
  6 oozes
  3 adder zombies (Ossuary)
  3 worms
  4 dart slugs
  3 leopard geckos
  33 orcs
  7 bats
  3 giant cockroaches
  4 gnoll zombies (Ossuary)
  14 goblins
  15 hobgoblins
  4 jackals (D:7)
  58 kobolds
  5 quokkas
  3 ball pythons
  3 frilled lizards
  A hobgoblin zombie (Ossuary)
  A jackal skeleton (D:4)
  3 kobold zombies (Ossuary)
  3 leopard gecko skeletons
  6 orc zombies (Ossuary)
  3 rats (D:1)
341 creatures vanquished.

Vanquished Creatures (collateral kills)
  The ghost of Perturabo the Carver, a journeyman HOFi of Beogh (D:10)
  Erica (D:10)
2 creatures vanquished.

Vanquished Creatures (others)
  2 slaves (D:8)
  A kobold zombie (Ossuary)
3 creatures vanquished.

Grand Total: 346 creatures vanquished

Notes
Turn   | Place    | Note
-------+----------+-------------------------------------------
     0 | D:1      | Kloppie the Draconian Berserker began the quest for the Orb.
     0 | D:1      | Reached XP level 1. HP: 19/19 MP: 1/1
    10 | D:1      | Noticed an electric eel
   188 | D:1      | Reached XP level 2. HP: 25/26 MP: 2/2
   567 | D:1      | Reached skill level 4 in Long Blades
   908 | D:2      | Noticed Robin
   922 | D:2      | Reached XP level 3. HP: 31/31 MP: 3/3
   942 | D:2      | Reached ** piety under Trog
   949 | D:2      | Killed Robin
  1177 | D:2      | Reached XP level 4. HP: 38/38 MP: 4/4
  1210 | D:2      | Found a blossoming altar of Fedhas.
  1444 | D:2      | Reached skill level 5 in Long Blades
  2316 | D:3      | Reached XP level 5. HP: 45/45 MP: 5/5
  2318 | D:3      | Reached skill level 6 in Long Blades
  2912 | D:4      | Reached XP level 6. HP: 47/51 MP: 6/6
  2913 | D:4      | Found a staircase to the Ecumenical Temple.
  3052 | D:4      | Reached skill level 7 in Long Blades
  3133 | D:4      | Reached *** piety under Trog
  3413 | D:4      | Noticed sheala's ghost (amateur DEEn)
  3429 | D:4      | Killed sheala's ghost
  3429 | D:4      | Reached skill level 8 in Long Blades
  3429 | D:4      | Your scales start taking on a glossy black colour.
  3429 | D:4      | Reached XP level 7. HP: 31/57 MP: 7/7
  3429 | D:4      | Gained mutation: You are resistant to electric shocks. (rElec) [Black Draconian growth]
  3601 | D:4      | Reached **** piety under Trog
  3750 | D:4      | Reached skill level 9 in Long Blades
  3930 | D:4      | Reached XP level 8. HP: 63/63 MP: 8/8
  4031 | D:4      | Reached skill level 10 in Long Blades
  4225 | D:4      | Gained mutation: You possess an exceptional clarity of mind. [potion of mutation]
  4225 | D:4      | Gained mutation: You have very sharp teeth. [potion of mutation]
  4225 | D:4      | Gained mutation: You evolve. [potion of mutation]
  4230 | D:5      | Entered Level 5 of the Dungeon
  4556 | D:5      | Noticed Eustachio
  4625 | D:5      | Killed Eustachio
  4946 | D:5      | Noticed Perturabo's ghost (amateur HOFi)
  4951 | D:5      | Killed Perturabo's ghost
  4951 | D:5      | Reached skill level 11 in Long Blades
  5220 | D:6      | Noticed Perturabo's ghost (novice HOFi)
  5270 | D:6      | Killed Perturabo's ghost
  5270 | D:6      | Reached skill level 12 in Long Blades
  5270 | D:6      | Reached XP level 9. HP: 41/70 MP: 9/9
  5642 | D:5      | Gained mutation: You have a pair of small horns on your head. [evolution]
  6033 | D:6      | Reached skill level 13 in Long Blades
  6041 | D:6      | Noticed Blork the orc
  6047 | D:6      | Killed Blork the orc
  6099 | D:6      | Noticed Grinder
  6108 | D:6      | Killed Grinder
  6128 | D:6      | Found a shimmering altar of Xom.
  6283 | D:7      | Found a stormy altar of Qazlal.
  6371 | D:7      | Reached ***** piety under Trog
  6603 | D:7      | Reached skill level 14 in Long Blades
  6798 | D:8      | Reached XP level 10. HP: 48/78 MP: 7/10
  6952 | D:7      | Gained mutation: Your tail ends in a poisonous barb. [evolution]
  6966 | D:8      | Reached skill level 5 in Fighting
  7026 | D:8      | Received a gift from Trog
  7028 | D:8      | Noticed Pikel
  7041 | D:8      | Killed Pikel
  7091 | D:8      | Noticed Perturabo's ghost (novice HOFi)
  7105 | D:8      | Killed Perturabo's ghost
  7131 | D:8      | Noticed Psyche
  7147 | D:8      | Found a sand-covered staircase.
  7156 | Ossuary  | Entered an ossuary
  7590 | D:8      | Killed Psyche
  7636 | D:8      | Gained mutation: Your mind is acute. (Int +2) [evolution]
  7781 | D:8      | Found a sparkling altar of Nemelex Xobeh.
  8071 | D:9      | Received a gift from Trog
  8110 | D:9      | Reached skill level 10 in Fighting
  8216 | D:9      | Reached XP level 11. HP: 100/101 MP: 3/11
  8857 | D:10     | Entered Level 10 of the Dungeon
  8895 | D:10     | Noticed a wizard
  8908 | D:10     | Killed a wizard
  9049 | D:10     | Found a shimmering altar of Xom.
  9170 | D:10     | Noticed Perturabo's ghost (journeyman HOFi)
  9170 | D:10     | Noticed Sonja
  9177 | D:10     | Noticed Erica
  9180 | D:10     | Killed Perturabo's ghost
  9185 | D:10     | Killed Erica
  9185 | D:10     | Reached skill level 5 in Dodging
  9210 | D:10     | Killed Sonja
  9433 | D:10     | Found Rufiekk's Antique Armour Boutique.
  9834 | D:11     | Noticed a cyan ugly thing
  9842 | D:11     | Killed a cyan ugly thing
 10047 | D:11     | Noticed a hill giant
 10058 | D:11     | Killed a hill giant
 10085 | D:11     | Gained mutation: You are resistant to hostile enchantments. (MR+) [evolution]
 10116 | D:11     | Found a staircase to the Lair.
 10211 | D:11     | HP: 4/102 [something (20)]
 10211 | D:11     | Mangled by a vampire

Skill      XL: |  1  2  3  4  5  6  7  8  9 10 11 |
---------------+----------------------------------+-----
Long Blades    | 4 5 6 8 9 12 14 | 14.0
Fighting       | 10 11 | 11.1
Dodging        | 8 |  8.2

Action                   |  1- 3 |  4- 6 |  7- 9 | 10-12 || total
-------------------------+-------+-------+-------+-------++-------
Melee: Falchion          |    86 |   223 |   373 |       ||   682
       Tailslap          |    10 |    32 |    88 |    83 ||   213
       Bite              |       |       |    43 |    66 ||   109
       Scimitar          |       |       |    96 |   305 ||   401
       Headbutt          |       |       |    26 |   111 ||   137
       Long sword        |       |       |       |   131 ||   131
Invok: Berserk           |     1 |     3 |    10 |     5 ||    19
       Trog's Hand       |     1 |       |     4 |     2 ||     7
       Brothers in Arms  |       |       |       |     1 ||     1
 Abil: Breathe Lightning |       |       |     2 |       ||     2
Evoke: Wand              |       |       |       |     1 ||     1
  Use: Potion            |       |     2 |     5 |     2 ||     9
       Scroll            |       |       |     6 |    11 ||    17
 Stab: Sleeping          |       |       |       |     2 ||     2
  Eat: Chunk             |     2 |    10 |    18 |    14 ||    44
       Pizza             |       |       |     1 |       ||     1
       Meat ration       |       |       |     1 |       ||     1
       Royal jelly       |       |       |       |     1 ||     1
Armor: Skin              |    33 |    88 |   166 |   144 ||   431
Dodge: Dodged            |    50 |   166 |   281 |   253 ||   750
       Rpst.: Falchion   |    12 |    44 |    65 |       ||   121
       Scimitar          |       |       |    19 |    50 ||    69
       Long sword        |       |       |       |    24 ||    24
